 Dungeon Crawl Stone Soup version 0.31-a0-66-ge618eeaa78 (webtiles) character file.

Game seed: 15129857595818760832

95 greenreed the Chopper (level 4, -3/41 HPs)
             Began as a Minotaur Berserker on May 22, 2023.
             Was a Priest of Trog.
             Shot with an arrow by an orc (5 damage)
             ... on level 3 of the Dungeon.
             The game lasted 00:03:08 (1721 turns).

greenreed the Chopper (Minotaur Berserker)          Turns: 1721, Time: 00:03:08

Health: -3/41      AC:  5    Str: 24    XL:     4   Next: 40%
Magic:  3/3        EV: 11    Int:  4    God:    Trog [***...]
Gold:   121        SH:  0    Dex:  9    Spells: 3/3 levels left

rFire   . . .        a - +0 hand axe
rCold   . . .        (no shield)
rNeg    . . .        d - +0 ring mail
rPois   .            (helmet restricted)
rElec   .            (no cloak)
rCorr   .            (no gloves)
SInv    .            (no boots)
Will    .....        (no amulet) Stlth
                     (no ring)
HPRegen 0.26/turn    (no ring)
MPRegen 0.08/turn

%: no passive effects
@: no status effects
A: horns 2, retaliatory headbutt
a: Renounce Religion, Berserk, Trog's Hand


You were on level 3 of the Dungeon.
You worshipped Trog.
Trog was most pleased with you.
You visited 1 branch of the dungeon, and saw 3 of its levels.

You collected 121 gold pieces.

Inventory:

Hand Weapons
 a - a +0 hand axe (weapon)
 i - a +0 war axe
Armour
 d - a +0 ring mail (worn)
Scrolls
 b - 2 scrolls of immolation {unknown}
 c - a scroll of blinking {unknown}
 e - a scroll of amnesia {unknown}
 g - a scroll of fear {unknown}
 j - 2 scrolls of teleportation {unknown}
 l - a scroll of identify {unknown}
Potions
 f - a potion of invisibility {unknown}
 h - a potion of brilliance {unknown}
 k - a potion of attraction {unknown}


   Skills:
 * Level 4.7 Fighting
 * Level 4.7 Axes
 + Level 3.2 Armour
 + Level 2.7 Dodging


You had 3 spell levels left.
You didn't know any spells.
Your spell library was empty.

Dungeon Overview and Level Annotations

Branches:
Dungeon (3/15)

Altars:
Hepliaklqana


Innate Abilities, Weirdness & Mutations

You have a pair of horns on your head.
You reflexively headbutt those who attack you in melee.


Message History

The kobold throws a stone.
The stone closely misses you. The orc closely misses you.
You furiously retaliate!
You headbutt the orc. The orc closely misses you. x2
You slash the orc!
You kill the orc!
Trog accepts your kill. The orc closely misses you.
You hit the dart slug.
The dart slug is heavily wounded.
The orc hits you from afar with a +0 trident.
You slash the dart slug!
You kill the dart slug!
Trog accepts your kill.
The kobold throws a stone.
The stone hits you.
The orc hits you from afar with a +0 trident.
The orc barely misses you.
Items here: ! $ ) †.
You hit the orc. You headbutt the orc.
The orc is severely wounded.
The orc closely misses you.
You hit the orc.
You kill the orc!
Trog accepts your kill.
The kobold hits you from afar with a +0 trident.
You slash the orc!
You kill the orc!
Trog accepts your kill.
The kobold throws a stone.
The stone misses you.
The stone closely misses the orc.
The orc shoots an arrow.
The arrow closely misses you.
The arrow barely misses the kobold.
The kobold hits you but does no damage.
The orc shoots an arrow.
The arrow hits you but does no damage.
You barely miss the kobold. The kobold hits you with a +0 trident.
The orc shoots an arrow.
The arrow hits you!
* * * LOW HITPOINT WARNING * * *
The kobold hits you with a +0 trident.
* * * LOW HITPOINT WARNING * * *
A kobold comes into view. It is wielding a +0 short sword.
The orc shoots an arrow.
The arrow hits you.
You die...

#.#......##..)#..#.#
#.####..†##...#..#.###.
.........#..#.#..#.....
.........#..#.#.....# #
.........#..#.#...# #.#
.........#..#..K..##....
............####......_.
)....#.$..#oo)).K.##....
.........#######@.#..#.#
.........# #<...#
####.##### ###......
...# ...### #....# ####
##.... #..>. ......


You could see 2 orcs and 2 kobolds.

Vanquished Creatures
  2 adders (D:3)
  2 worms (D:2)
  A dart slug (D:3)
  4 orcs (D:3)
  5 bats
  7 endoplasms
  3 giant cockroaches
  4 hobgoblins (D:1)
  6 kobolds
  4 quokkas
  4 ball pythons
  9 frilled lizards
  8 goblins
  4 rats
63 creatures vanquished.

Notes
Turn   | Place    | Note
-------+----------+-------------------------------------------
     0 | D:1      | greenreed the Minotaur Berserker began the quest for the
                  | Orb.
     0 | D:1      | Reached XP level 1. HP: 19/19 MP: 0/0
   126 | D:1      | Reached XP level 2. HP: 27/27 MP: 1/1
   372 | D:1      | Reached ** piety under Trog
   382 | D:1      | Reached XP level 3. HP: 33/33 MP: 2/2
  1628 | D:3      | Found a hazy altar of Hepliaklqana.
  1655 | D:3      | Reached XP level 4. HP: 40/41 MP: 3/3
  1662 | D:3      | Reached *** piety under Trog
  1721 | D:3      | HP: 2/41 [kobold/+0 trident (6)]
  1721 | D:3      | Shot with an arrow by an orc

Illustrated notes

Levels and vault maps discovered:
D:1:      roderic_crop_circles_arrival_small, layout_basic
D:2:      layout_loops_ring
D:3:      layout_basic, mainiacjoe_overflow_small_starburst

Skill      XL: |  1  2  3 |
---------------+----------+-----
Axes           | 4 |  4.7
Fighting       | 4 |  4.7
Armour         | 3 |  3.2
Dodging        | |  2.7

Action                     |  1- 3 |  4- 6 || total
---------------------------+-------+-------++-------
  Melee: Hand axe          |    92 |    21 ||   113
         Headbutt          |    14 |     2 ||    16
 Armour: Animal skin       |     2 |       ||     2
         Ring mail         |    35 |     4 ||    39
  Dodge: Dodged            |    60 |    21 ||    81

Table legend: (Time is in decaauts)
 A = Elapsed time spent in this place.
 B = Non-inter-level travel time spent in this place.
 C = Inter-level travel time spent in this place.
 D = Time resting spent in this place.
 E = Time spent auto-exploring this place.
 F = Levels seen in this place.
 G = Mean time per level.
                   A        B        C        D        E       F      G
               +--------+--------+--------+--------+--------+-----+--------+
         Total |   1730 |   1598 |    132 |      0 |   1257 |   3 |  576.7 |
       Dungeon |   1730 |   1598 |    132 |      0 |   1257 |   3 |  576.7 |
               +--------+--------+--------+--------+--------+-----+--------+

Top non-repeatable levels by time:
     D:1: 853 daAuts
     D:2: 781 daAuts
     D:3: 96 daAuts
